 Dungeon Crawl Stone Soup version 0.30.0-30-g96aa6591b8 (webtiles) character file.

Game seed: 18412967312844796031

42 Eitelfritz the Slasher (level 3, -2/30 HPs)
             Began as a Minotaur Gladiator on June 30, 2023.
             Slain by Grinder (3 damage)
             ... on level 3 of the Dungeon.
             The game lasted 00:02:12 (1850 turns).

Eitelfritz the Slasher (Minotaur Gladiator)         Turns: 1850, Time: 00:02:12

Health: -2/30      AC:  3    Str: 18    XL:     3   Next: 33%
Magic:  2/2        EV: 12    Int:  7    God:
Gold:   75         SH:  0    Dex: 11    Spells: 2/2 levels left

rFire   + . .        a - +0 long sword
rCold   + . .        (no shield)
rNeg    . . .        b - +0 leather armour
rPois   .            c - +0 hat
rElec   .            m - scarf {rC+ rF+}
rCorr   .            (no gloves)
SInv    .            (no boots)
Will    .....        (no amulet)
Stlth   +            (no ring)
HPRegen 0.25/turn    (no ring)
MPRegen 0.08/turn

%: no passive effects
@: no status effects
A: horns 2, retaliatory headbutt
a: no special abilities


You were on level 3 of the Dungeon.
You visited 1 branch of the dungeon, and saw 3 of its levels.

You collected 75 gold pieces.

Inventory:

Hand Weapons
 a - a +0 long sword (weapon)
Missiles
 e - 4 javelins (quivered)
Armour
 b - a +0 leather armour (worn)
 c - a +0 hat (worn)
 g - a +0 chain mail
 m - a scarf of resistance (worn)
Scrolls
 f - 3 scrolls of teleportation {unknown}
 h - a scroll of fear {unknown}
 i - a scroll of vulnerability {unknown}
 k - 2 scrolls of identify {unknown}
Potions
 j - 2 potions of curing {unknown}
 l - a potion of mutation {unknown}
 n - 2 potions of haste {unknown}
 o - a potion of degeneration {unknown}
 p - a potion of heal wounds {unknown}


   Skills:
 + Level 2.7 Fighting
 + Level 4.4 Long Blades
 + Level 2.2 Throwing
 + Level 0.5 Armour
 + Level 3.7 Dodging
 + Level 0.1 Stealth


You had 2 spell levels left.
You didn't know any spells.
Your spell library was empty.

Dungeon Overview and Level Annotations

Branches:
Dungeon (3/15)

Altars:

Annotations:
D:3 Grinder


Innate Abilities, Weirdness & Mutations

You have a pair of horns on your head.
You reflexively headbutt those who attack you in melee.


Message History

Press: ? - help, Q - select action, (/) - cycle Shift-Dir - straight line, f/p - Grinder
Aim: Grinder (53% to hit)
You throw a throwing net. The throwing net barely misses Grinder.
The throwing net barely misses the kobold.
The kobold struggles against the net.
Grinder hits you.
You barely miss Grinder. Grinder misses you.
The kobold struggles against the net.
You hit Grinder but do no damage.
The kobold struggles against the net.
Grinder gestures at you.
You suddenly lose the ability to move!
The kobold struggles against the net.
The net rips apart, and the kobold comes free!
Grinder hits you.
You writhe in agony.
* * * LOW HITPOINT WARNING * * *
You can move again.
You hit Grinder but do no damage. Grinder closely misses you.
You furiously retaliate!
You headbutt Grinder! Grinder hits you.
* * * LOW HITPOINT WARNING * * *
You barely miss Grinder.
Grinder is moderately wounded.
Grinder gestures at you.
You shrug off the repeated paralysis!
The kobold misses you.
You barely miss Grinder.
Grinder is moderately wounded.
The kobold hits you but does no damage. Grinder barely misses you.
You furiously retaliate!
You headbutt Grinder.
Unknown command.
You closely miss Grinder. You headbutt Grinder.
Grinder is heavily wounded.
The kobold hits you with a +0 whip.
* * * LOW HITPOINT WARNING * * *
Grinder hits you.
* * * LOW HITPOINT WARNING * * *
You writhe in agony.
* * * LOW HITPOINT WARNING * * *
You hit the kobold but do no damage. The kobold closely misses you.
You furiously retaliate!
You headbutt the kobold.
You kill the kobold!
Grinder hits you.
You die...

................#K
#.......†....##
#.#..#####....# #....#
#.#... ####....# ##.#.#
........# .#.#.
+#.#######....######.#.#
.......###..........# #.
(.....5@......######.# #
......)###....# .......
#..<.# ....... ######
.#..... #+####


You could see Grinder.

Vanquished Creatures
  An adder (D:2)
  6 endoplasms
  2 giant cockroaches
  3 goblins
  3 hobgoblins (D:1)
  A quokka (D:3)
  4 ball pythons
  2 bats
  2 frilled lizards
  6 kobolds
  4 rats
34 creatures vanquished.

Notes
Turn   | Place    | Note
-------+----------+-------------------------------------------
     0 | D:1      | Eitelfritz the Minotaur Gladiator began the quest for the
                  | Orb.
     0 | D:1      | Reached XP level 1. HP: 18/18 MP: 0/0
   232 | D:1      | Reached XP level 2. HP: 25/25 MP: 1/1
   272 | D:1      | Reached skill level 4 in Long Blades
  1213 | D:2      | Reached XP level 3. HP: 22/30 MP: 2/2
  1838 | D:3      | Noticed Grinder
  1844 | D:3      | Paralysed by Grinder for 2 turns
  1849 | D:3      | HP: 1/30 [Grinder (4)]
  1850 | D:3      | Slain by Grinder

Illustrated notes

Levels and vault maps discovered:
D:1:      dpeg_arrival_water_fire, layout_basic, hangedman_decor_lopped,
          corexii_leaking_fountain
D:2:      layout_loops_corners
D:3:      layout_basic, fedhas_altar_4, mainiacjoe_overflow_alcove_1,
          portal_sewer_entry_d, chequers_serial_rivers_room_a,
          minmay_joined_circles, uniq_robin, uniq_natasha, uniq_grinder

Skill      XL: |  1  2 |
---------------+-------+-----
Long Blades    | 4 |  4.4
Fighting       | |  2.7
Throwing       | |  2.2
Armour         | |  0.5
Dodging        | |  3.7
Stealth        | |  0.1

Action                     || total
---------------------------++-------
  Melee: Long sword        ||    64
         Headbutt          ||    11
  Throw: Throwing net      ||     3
 Armour: Leather armour    ||    14
  Dodge: Dodged            ||    49
